Map: Cerulean Fall LE

Players

GunGFuBanDa

  • Race: Protoss Protoss
  • League: Grandmaster
  • Spawn Location: 7:00

Lambo - Winner!

  • Race: Zerg Zerg
  • League: Grandmaster
  • Spawn Location: 1:00

VOD

Have the link to the VOD?

Description

Time

  • Played on: Jan. 12, 2019, 12:42 p.m.
  • Length: 17:27
Show
View Real Time Build Order
Export as new Build Order

GunGFuBanDa Protoss 

Build Orders: 1 Gate Expand, Oracle Opening, Phoenix Opening 

Get SALT Encoding   

  12  0:00  Probe  
  13  0:12  Probe  
  14  0:19  Pylon  
  14  0:24  Probe  
  15  0:33  Probe  
  15  0:40  Gateway  
  15  0:41  Probe  
  17  0:50  Assimilator  
  17  0:52  Probe  
  18  1:04  Probe  
  19  1:16  Probe  
  20  1:25  Nexus  
  20  1:35  Cybernetics Core  
  20  1:38  Probe  
  21  1:43  Assimilator  
  21  1:51  Probe  
  22  1:56  Pylon  
  22  2:03  Probe  
  22  2:05  Adept  
  23  2:09  Pylon  
  23  2:13  Warp Gate  
  25  2:16  Probe  
  26  2:28  Adept  
  26  2:32  Cybernetics Core  
  28  2:38  Probe  
  28  2:39  Probe  
  30  2:45  Cybernetics Core  
  30  2:48  Adept  
  30  2:51  Probe  
  30  2:57  Probe  
  32  3:03  Probe  
  32  3:05  Stargate, Probe  
  35  3:13  Shield Battery  
  35  3:15  Probe  
  35  3:19  Probe  
  37  3:30  Probe  
  37  3:31  Probe  
  39  3:38  Pylon  
  39  3:39  Probe  
  39  3:40  Phoenix  
  39  3:42  Probe  
  41  3:48  Probe  
  41  3:54  Probe  
  45  3:56  Oracle  
  45  3:59  Gateway  
  45  4:01  Gateway  
  45  4:03  Probe  
  49  4:16  Probe  
  50  4:18  Probe  
  50  4:20  Assimilator  
  50  4:23  Assimilator  
  51  4:28  Probe  
  51  4:30  Oracle  
  48  4:32  Adept  
  48  4:34  Probe  
  54  4:39  Pylon  
  54  4:42  Pylon  
  54  4:43  Pylon  
  54  4:57  Probe x2  
  54  4:59  Sentry, Zealot  
  60  5:00  Zealot  
  60  5:05  Robotics Facility  
  62  5:09  Probe  
  63  5:20  Nexus  
  63  5:21  Pylon  
  63  5:24  Pylon  
  63  5:27  Probe  
  64  5:28  Probe  
  64  5:31  Robotics Facility  
  64  5:35  Sentry  
  67  5:39  Probe  
  67  5:40  Probe  
  67  5:42  Shield Battery  
  69  5:50  Probe  
  69  5:51  Probe  
  69  5:55  Immortal  
  75  5:58  Forge  
  75  5:59  Twilight Council  
  75  6:03  Probe  
  76  6:06  Probe  
  77  6:15  Probe  
  77  6:16  Probe  
  78  6:23  Observer  
  78  6:24  Probe  
  80  6:26  Immortal  
  80  6:28  Probe  
  80  6:30  Robotics Bay  
  82  6:33  Sentry, Zealot  
  82  6:34  Immortal  
  82  6:35  Protoss Ground Weapons Level 1  
  90  6:40  Probe  
  95  6:48  Stalker  
  95  6:54  Photon Cannon x2, Blink  
  97  6:59  Stalker x2  
  101  7:05  Colossus  
  101  7:09  Immortal  
  101  7:17  Pylon  
  107  7:25  Probe x2  
  107  7:28  Pylon  
  109  7:32  Pylon  
  109  7:33  Assimilator  
  109  7:34  Assimilator  
  109  7:35  Probe  
  110  7:40  Colossus  
  110  7:42  Colossus  
  110  7:50  Probe  
  110  7:51  Probe, Pylon  
  118  7:53  Pylon  
  118  7:58  Gateway  
  118  8:00  Gateway  
  118  8:02  Shield Battery  
  118  8:03  Gateway  
  124  8:09  Probe  
  124  8:11  Probe  
  124  8:12  Probe  
  127  8:24  Gravitic Drive  
  127  8:28  Protoss Air Weapons Level 1  
  127  8:34  Immortal  
  127  8:37  Fleet Beacon  
  127  8:38  Warp Prism  
  127  8:39  Protoss Ground Weapons Level 2  
  133  8:51  Gateway  
  133  8:52  Charge, Gateway  
  133  8:58  Photon Cannon  
  133  9:06  Stalker x6  
  145  9:10  Gateway  
  145  9:13  Gateway  
  145  9:29  Mothership, Pylon  
  145  9:30  Gateway, Pylon  
  145  9:33  Templar Archives  
  145  9:36  Zealot x2  
  157  10:02  Nexus  
  157  10:04  Pylon  
  153  10:16  Tempest  
  153  10:19  Zealot x3  
  164  10:23  Psionic Storm  
  164  10:39  Protoss Air Weapons Level 2, High Templar  
  164  10:40  High Templar x3, Pylon  
  164  10:42  Photon Cannon  
  172  10:44  Photon Cannon  
  172  10:47  Photon Cannon  
  172  10:48  Protoss Ground Weapons Level 3  
  172  10:51  Photon Cannon  
  172  10:53  Shield Battery  
  170  10:59  Pylon  
  170  11:00  Pylon  
  164  11:07  Assimilator  
  164  11:11  Assimilator  
  164  11:15  Zealot x9  
  182  11:34  Tempest  
  182  11:40  Dark Shrine  
  182  11:44  Stargate  
  182  11:45  Stargate  
  187  11:49  Photon Cannon  
  187  11:51  Probe, Photon Cannon, Shield Battery  
  188  11:58  High Templar  
  190  12:04  Warp Prism, Photon Cannon  
  192  12:21  Zealot x4  
  200  12:43  Carrier x2  
  182  12:51  Carrier  
  179  13:12  Zealot x6  
  145  13:13  Zealot x2  
  145  13:15  Mothership  
  140  13:21  Dark Templar  
  140  13:22  Dark Templar  
  140  13:25  Protoss Shields Level 1  
  135  13:36  Tempest  
  121  13:46  Void Ray  
  121  13:47  High Templar x3  
  132  13:51  Void Ray  
  136  13:56  Zealot  
  136  13:57  Zealot x2  
  146  14:11  High Templar x2, Zealot  
  146  14:12  Zealot  
  154  14:19  Void Ray  
  154  14:29  Zealot x6  
  139  14:58  Zealot x4  
  133  15:02  Observer, Immortal  
  101  15:07  Tempest  
  101  15:08  Tempest  
  101  15:18  Tempest  
  113  15:26  Observer  
  108  15:53  Dark Templar, Zealot x2  
  108  15:54  Zealot x2  
  118  16:00  High Templar  
  118  16:01  High Templar  
  122  16:06  Archon  
  120  16:33  High Templar x2  
  120  16:37  Archon  
  120  16:38  High Templar x2  
  120  16:39  Zealot  
  130  16:47  Archon  
Show
View Real Time Build Order
Export as new Build Order

Lambo Zerg - Winner!

Build Orders: Hatch First, Lurkers 

Get SALT Encoding   

  12  0:00  Drone  
  13  0:12  Overlord  
  13  0:17  Drone  
  14  0:30  Drone x2  
  16  0:47  Drone x2  
  18  0:58  Hatchery  
  18  1:00  Drone  
  18  1:07  Extractor  
  17  1:14  Spawning Pool  
  17  1:18  Drone  
  17  1:22  Drone  
  18  1:28  Drone  
  19  1:38  Drone  
  20  1:52  Overlord  
  20  2:05  Queen  
  22  2:10  Queen  
  22  2:11  Zergling x4  
  22  2:14  Drone  
  22  2:15  Metabolic Boost  
  27  2:23  Zergling x2  
  28  2:34  Drone  
  28  2:35  Drone x2  
  31  2:53  Drone  
  31  2:58  Queen  
  31  2:59  Overlord  
  31  3:04  Zergling x4  
  35  3:07  Overlord  
  35  3:16  Overlord  
  35  3:21  Zergling x2  
  35  3:26  Zergling x4  
  37  3:28  Drone x3  
  37  3:33  Drone x4  
  43  3:42  Evolution Chamber  
  43  3:43  Queen  
  43  3:47  Lair  
  43  3:48  Drone x2  
  47  3:52  Drone  
  48  3:56  Drone  
  49  4:05  Hatchery  
  49  4:08  Drone x2  
  49  4:17  Drone x3  
  49  4:21  Extractor  
  50  4:25  Drone  
  50  4:27  Drone  
  50  4:28  Spore Crawler  
  50  4:30  Drone  
  52  4:33  Extractor  
  52  4:36  Drone  
  52  4:38  Overlord  
  52  4:47  Hydralisk Den  
  52  4:48  Drone  
  52  4:54  Drone  
  52  4:58  Overlord  
  52  5:00  Drone x5  
  52  5:03  Drone x2  
  52  5:04  Drone  
  60  5:12  Evolution Chamber  
  58  5:15  Spore Crawler, Drone x2  
  58  5:19  Zergling x4  
  58  5:20  Drone  
  62  5:24  Drone  
  62  5:26  Grooved Spines  
  63  5:28  Spore Crawler  
  63  5:30  Hydralisk x2  
  63  5:33  Hydralisk  
  68  5:37  Drone  
  68  5:40  Zerg Missile Weapons Level 1, Drone  
  70  5:48  Hydralisk x2  
  71  5:51  Drone  
  71  5:52  Drone  
  71  5:56  Drone x2  
  74  5:57  Overlord  
  74  6:00  Overlord  
  74  6:04  Overlord  
  74  6:06  Overseer  
  73  6:11  Overlord  
  73  6:17  Baneling Nest, Drone x5  
  77  6:20  Drone  
  77  6:22  Extractor  
  77  6:24  Drone x2  
  79  6:27  Drone x2  
  79  6:29  Drone x3  
  84  6:34  Drone  
  84  6:35  Drone x3  
  84  6:39  Extractor  
  87  6:40  Extractor  
  87  6:46  Drone  
  87  6:47  Drone x3  
  89  6:49  Drone x2  
  92  6:56  Overlord  
  92  6:58  Hatchery  
  92  7:00  Centrifical Hooks  
  91  7:02  Drone  
  91  7:03  Hydralisk  
  91  7:06  Infestation Pit  
  91  7:09  Hydralisk x3  
  91  7:12  Drone x2  
  91  7:14  Drone  
  99  7:17  Hydralisk x2  
  99  7:20  Hydralisk  
  105  7:25  Pneumatized Carapace  
  105  7:29  Overlord  
  105  7:30  Drone x4  
  105  7:36  Zerg Missile Weapons Level 2  
  109  7:37  Spire  
  109  7:40  Drone x2  
  109  7:43  Muscular Augments  
  110  7:44  Zergling x6  
  110  7:47  Overlord  
  113  7:55  Overlord x2  
  113  7:57  Overlord  
  113  8:00  Extractor  
  113  8:01  Overlord  
  113  8:04  Hive  
  112  8:05  Drone  
  112  8:06  Drone x3  
  112  8:08  Drone x2  
  112  8:09  Hydralisk  
  112  8:12  Hydralisk  
  120  8:13  Zergling x2  
  120  8:15  Zergling x4  
  120  8:17  Hydralisk  
  127  8:24  Overseer  
  125  8:29  Drone  
  125  8:30  Drone x2  
  125  8:31  Hydralisk x3  
  125  8:32  Zergling x6  
  136  8:39  Zergling x12  
  142  8:45  Queen  
  142  8:46  Overlord  
  144  8:51  Zergling x14  
  151  9:00  Overlord  
  151  9:01  Overlord  
  151  9:07  Drone x4  
  155  9:12  Overlord  
  155  9:14  Overlord, Hatchery  
  154  9:18  Overlord  
  154  9:19  Corruptor x4  
  162  9:24  Lurker Den  
  162  9:25  Extractor  
  162  9:26  Greater Spire, Corruptor  
  161  9:35  Corruptor x2  
  165  9:38  Baneling x5  
  165  9:39  Baneling x7  
  165  9:42  Baneling x6  
  165  9:43  Baneling  
  165  9:44  Zergling x4  
  167  9:51  Drone  
  168  10:08  Zerg Melee Weapons Level 1  
  168  10:09  Drone  
  168  10:13  Evolution Chamber  
  166  10:15  Zergling x44  
  188  10:28  Overlord  
  182  10:44  Zerg Missile Weapons Level 3, Pathogen Glands  
  182  10:46  Drone x5  
  187  10:51  Extractor  
  187  10:54  Extractor  
  184  11:01  Adaptive Talons  
  184  11:05  Lurker x5  
  184  11:11  Drone x3  
  192  11:24  Hatchery  
  192  11:25  Lurker x2  
  192  11:26  Lurker x3, Corruptor x2  
  192  11:32  Overlord  
  200  11:47  Baneling x4  
  200  11:49  Spine Crawler x2  
  200  11:53  Spine Crawler  
  197  11:55  Spine Crawler x2, Drone x4  
  197  11:58  Spine Crawler  
  198  12:05  Baneling x6  
  198  12:15  Overseer x4  
  198  12:19  Overseer  
  198  12:20  Overseer  
  198  12:27  Spine Crawler  
  197  12:31  Neural Parasite  
  197  12:34  Zerg Melee Weapons Level 2  
  188  12:48  Spine Crawler  
  188  12:49  Extractor  
  188  12:50  Spine Crawler x3, Corruptor x6  
  195  13:05  Hydralisk x9  
  170  13:06  Zergling x14  
  170  13:08  Hydralisk x2, Zergling x26  
  174  13:35  Hydralisk x9  
  174  13:36  Zergling x18  
  199  13:53  Baneling x28  
  199  13:54  Baneling  
  199  14:02  Spire  
  198  14:04  Baneling  
  198  14:05  Baneling x15  
  198  14:09  Overseer  
  195  14:13  Zergling x8  
  198  14:17  Hatchery  
  190  14:25  Zergling x2  
  190  14:26  Zergling x16, Overseer  
  190  14:27  Overseer  
  192  14:40  Zergling x18  
  172  15:01  Hydralisk  
  172  15:02  Hydralisk x9  
  180  15:10  Drone x5  
  176  15:36  Drone x3  
  173  15:45  Infestor x7  
  187  15:53  Infestor  
  189  16:04  Drone x2  
  187  16:14  Corruptor x4  
  189  16:22  Overlord  
  171  16:27  Overlord x2  
  171  16:28  Hydralisk x6  
  178  16:42  Overlord x2  
  178  16:44  Overlord  
  176  16:58  Baneling x22  
  135  17:09  Zergling x2  
Tags
 
Add a new tag
Caveats
  • Supply blocks, unpowered buildings, or Contaminate may cause inaccurate times.
  • Supply counts are checked every 10 seconds.